 Dungeon Crawl Stone Soup version 0.31-a0-239-g0a1456f148 (webtiles) character file.

Game seed: 1064713168916919844

421 qw the Shooter (level 6, 0/52 HPs)
             Began as a Minotaur Hexslinger on July 11, 2023.
             Slain by Duvessa
             ... wielding a +0 short sword
              (8 damage)
             ... on level 5 of the Dungeon.
             The game lasted 00:01:36 (3572 turns).

qw the Shooter (Minotaur Hexslinger)                Turns: 3572, Time: 00:01:36

Health: 0/52       AC:  6    Str: 12    XL:     6   Next: 62%
Magic:  0/6        EV: 11    Int: 10    God:
Gold:   291        SH:  0    Dex: 15    Spells: 6/7 levels left

rFire   + . .        Y - +2 sling
rCold   . . .        (no shield)
rNeg    . . .        n - +0 ring mail
rPois   +            (helmet restricted)
rElec   .            (no cloak)
rCorr   .            e - +0 pair of gloves
SInv    .            (no boots)
Will    .....        h - amulet of guardian spirit
Stlth   +            i - ring of protection from fire
HPRegen 0.28/turn    l - ring of poison resistance
MPRegen 0.10/turn

%: guardian spirit
@: lethally poisoned (0 -> -2), lit by a corona, glowing
A: horns 2, retaliatory headbutt
a: no special abilities


You were on level 5 of the Dungeon.
You visited 1 branch of the dungeon, and saw 6 of its levels.

You collected 291 gold pieces.


Innate Abilities, Weirdness & Mutations

You have a pair of horns on your head.
You reflexively headbutt those who attack you in melee.


   Skills:
 - Level 4.0 Fighting
 + Level 6.7 Ranged Weapons
 - Level 1.4 Armour
 - Level 2.1 Dodging
 - Level 1.0 Spellcasting
 - Level 2.0 Hexes


You had 6 spell levels left.
You knew the following spells:

 Your Spells              Type           Power      Damage    Failure   Level
a - Slow                  Hex            16%        N/A       32%         1

Your spell library contained the following spells:

 Spells                   Type           Power      Damage    Failure   Level
 Inner Flame              Hex/Fire       2%         N/A       83%         3
 Portal Projectile        Hex/Tloc       4%         N/A       83%         3
 Cause Fear               Hex            2%         N/A       97%         4

Inventory:

Hand Weapons
 Y - a +2 sling (weapon)
Armour
 e - a +0 pair of gloves (worn)
 n - a +0 ring mail (worn)
Jewellery
 h - an amulet of guardian spirit (around neck)
 i - a ring of protection from fire (left hand)
 l - a ring of poison resistance (right hand)
Scrolls
 b - a scroll of identify
Potions
 a - a potion of curing
 d - a potion of haste
 g - a potion of enlightenment
 m - a potion of resistance {unknown}

Dungeon Overview and Level Annotations

Branches:
Dungeon (6/15)
 Temple: D:4-7

Altars:

Shops:
D:4 =

Annotations:
D:5 2 transporters, Dowan, Duvessa


Message History

The puff of flame hits you but does no damage.
You resist.
You shoot a sling bullet. The sling bullet closely misses Dowan.
Duvessa zaps a wand.
The puff of flame hits you. You resist.
Dowan hits you with a +0 dagger of venom.
Duvessa misses you.
You shoot a sling bullet.
The sling bullet completely misses Dowan.
Duvessa closely misses you. Dowan hits you but does no damage.
Duvessa hits you with a +0 short sword!
Dowan hits you with a +0 dagger of venom.
You are poisoned.
You shoot a sling bullet. The sling bullet barely misses Dowan.
You feel very sick. Duvessa hits you with a +0 short sword.
Dowan casts a spell.
Dowan blinks!
Duvessa zaps a wand.
The puff of flame hits you. You resist.
3568 ||| DRINKING potion of heal wounds.
You feel much better.
You feel sick. Duvessa barely misses you.
You shoot a sling bullet.
The sling bullet hits Duvessa but does no damage.
Duvessa is moderately wounded.
You feel sick.
Duvessa zaps a wand.
The puff of flame hits you. You resist.
Duvessa zaps a wand.
The puff of flame hits you. You resist.
You shoot a sling bullet. The sling bullet hits Dowan.
Dowan is severely wounded.
You feel sick. Duvessa hits you with a +0 short sword!
Dowan hits you but does no damage. Duvessa hits you with a +0 short sword.
You shoot a sling bullet. The sling bullet hits Dowan.
Dowan is almost dead.
You feel sick.
Duvessa zaps a wand.
The puff of flame hits you but does no damage.
Dowan casts a spell.
Dowan blinks!
You shoot a sling bullet.
The sling bullet hits Duvessa but does no damage.
Duvessa is moderately wounded.
You feel sick. Duvessa hits you with a +0 short sword!
You die...

...#......##...##########.......#
...#......#######..<...##.......#
...##.....##...........#.........
...##.....##...........#.........
....)..................#.........
...##).................#.........
#####...[.##..<##......##.......#
#....[.##...##########.......#
#...........ยค@....e.#.........
#...........#e......#.........
#.....(.....#.......#.........
####.##..###..##.##...##......##
#..#.##..###..##########......##
#.....#...........#...#.........
#.....#...........#...'.........
#.....#...............#.........
#.....+...##........[.##........


You could see Duvessa (fast) and Dowan.

Vanquished Creatures
  2 hounds
  2 jellies (D:5)
  An orc priest (D:5)
  2 iguanas
  4 adders
  5 gnolls (D:4)
  2 white imps (D:5)
  2 ufetubi (D:4)
  3 worms
  A dart slug (D:1)
  7 orcs
  4 ball pythons
  8 endoplasms
  4 giant cockroaches
  8 goblins
  9 hobgoblins
  8 jackals
  4 quokkas
  8 bats
  4 frilled lizards
  12 kobolds
  A rat (D:1)
101 creatures vanquished.

Notes
Turn   | Place    | Note
-------+----------+-------------------------------------------
     0 | D:1      | qw the Minotaur Hexslinger began the quest for the Orb.
     0 | D:1      | Reached XP level 1. HP: 16/16 MP: 1/1
     0 | D:1      | 0 ||| qw: Version: 0.3-a-52-g30416fa
     0 | D:1      | 0 ||| qw: Game counter: 5903
     0 | D:1      | 0 ||| qw: Melee chars always use a shield: true
     0 | D:1      | 0 ||| qw: God list: Okawaru
     0 | D:1      | 0 ||| qw: Allow faded altars: false
     0 | D:1      | 0 ||| qw: Do Orc after clearing Dungeon:15 true
     0 | D:1      | 0 ||| qw: Do second Lair branch before Depths: true
     0 | D:1      | 0 ||| qw: Lair rune preference: random
     0 | D:1      | 0 ||| qw: Goals: Normal
     0 | D:1      | 0 ||| PLANNING D:1-11
   122 | D:1      | Reached skill level 3 in Ranged Weapons
   143 | D:1      | Reached XP level 2. HP: 23/23 MP: 2/2
   335 | D:1      | Reached XP level 3. HP: 28/29 MP: 3/3
   534 | D:1      | 534 ||| UPGRADING to +0 pair of gloves.
   539 | D:1      | 539 ||| UPGRADING to amulet of guardian spirit.
   544 | D:1      | 544 ||| READING scroll labelled LUYCOU JOMUITH.
   545 | D:1      | 545 ||| READING scroll labelled GILEDU FIVEREA.
   546 | D:1      | 546 ||| DROPPING scroll of poison.
   783 | D:2      | Found a faded altar of an unknown god.
   797 | D:2      | Reached skill level 4 in Ranged Weapons
  1075 | D:2      | Reached XP level 4. HP: 26/36 MP: 2/4
  1501 | D:2      | 1501 ||| READING scroll labelled BEPIHUIMUL.
  1528 | D:3      | 1528 ||| STAIRDANCE
  1763 | D:3      | Reached skill level 5 in Ranged Weapons
  2005 | D:3      | 2005 ||| UPGRADING to +0 ring mail.
  2015 | D:3      | 2015 ||| DROPPING +0 robe.
  2016 | D:3      | 2016 ||| UPGRADING to ring of protection from fire.
  2017 | D:3      | 2017 ||| UPGRADING to ring of poison resistance.
  2018 | D:3      | 2018 ||| READING scroll labelled SOFOUM EFFE.
  2019 | D:3      | 2019 ||| DRINKING 2 sapphire potions.
  2020 | D:3      | 2020 ||| DRINKING 2 lumpy golden potions.
  2021 | D:3      | 2021 ||| DRINKING 4 inky potions.
  2118 | D:4      | Reached skill level 1 in Armour
  2217 | D:4      | Found Dikkazow's Jewellery Boutique.
  2224 | D:4      | 2224 ||| SHOPLISTING +4 ring of slaying (780 gold, have
                  | 204).
  2224 | D:4      | 2224 ||| SHOPLISTING +6 ring of strength (360 gold, have
                  | 204).
  2224 | D:4      | 2224 ||| SHOPLISTING ring of protection from fire (250
                  | gold, have 204).
  2270 | D:4      | Reached XP level 5. HP: 42/42 MP: 5/5
  2303 | D:4      | Reached skill level 3 in Fighting
  2480 | D:4      | Reached skill level 6 in Ranged Weapons
  2800 | D:4      | 2800 ||| READING 2 scrolls labelled RAUZ JAXTEASH.
  2804 | D:4      | 2804 ||| READING scroll labelled ODAICI GANAL.
  2805 | D:4      | 2805 ||| READING 3 scrolls of identify.
  2805 | D:4      | 2805 ||| IDENTIFYING viscous clear potion
  2806 | D:4      | 2806 ||| READING 2 scrolls of identify.
  2806 | D:4      | 2806 ||| IDENTIFYING fizzy inky potion
  2807 | D:4      | 2807 ||| DROPPING potion of attraction.
  2822 | D:5      | Entered Level 5 of the Dungeon
  2838 | D:5      | Reached XP level 6. HP: 51/51 MP: 6/6
  3164 | D:5      | Found a transporter.
  3185 | D:5      | Found a transporter.
  3377 | D:5      | 3377 ||| READING scroll labelled FOANIE HARCHUGE.
  3404 | D:6      | 3404 ||| STAIRDANCE
  3437 | D:6      | 3437 ||| STAIRDANCE
  3450 | D:5      | HP: 13/52 [black bear (1)]
  3451 | D:5      | 3451 ||| READING scroll of teleportation.
  3452 | D:5      | 3452 ||| DRINKING 3 potions of heal wounds.
  3545 | D:6      | Noticed Dowan
  3547 | D:6      | Noticed Duvessa
  3553 | D:6      | 3553 ||| STAIRDANCE
  3563 | D:5      | HP: 9/52 [Duvessa/+0 short sword (7)]
  3564 | D:5      | 3564 ||| DRINKING 2 potions of heal wounds.
  3568 | D:5      | 3568 ||| DRINKING potion of heal wounds.
  3570 | D:5      | HP: 9/52 [Duvessa/+0 short sword (6)]
  3572 | D:5      | Slain by Duvessa

Levels and vault maps discovered:
D:1:      minmay_arrival_doors, layout_rooms,
          hangedman_abyss_or_decor_lesser_grid
D:2:      layout_loops_ring, shapermc_ecumenical_altar_mp_ritualfount,
          dreamdust_wishing_well, minmay_misc_feat_rugged,
          nicolae_elevator_lobby_plus
D:3:      layout_rooms, st_stairs_11
D:4:      minmay_diamond_boxcup, layout_loops_ring, serial_shops,
          nicolae_shop_stone
D:5:      gammafunk_wand_slinger, layout_gridville
D:6:      layout_cave_pools, hangedman_decor_riveting, grunt_decor_fettered,
          dreamdust_princess_corridor, lightli_orcish_oven, uniq_grinder,
          uniq_duvessa

Skill      XL: |  1  2  3  4  5  6 |
---------------+-------------------+-----
Ranged Weapons | 3 4 5 6 |  6.7
Fighting       | 2 3 4 |  4.0
Armour         | 1 |  1.4
Dodging        | |  2.1
Spellcasting   | |  1.0
Hexes          | |  2.0

Action                     |  1- 3 |  4- 6 || total
---------------------------+-------+-------++-------
   Fire: Sling             |   131 |   240 ||   371
    Use: Scroll            |     2 |     8 ||    10
         Potion            |       |     6 ||     6
 Armour: Robe              |    12 |    10 ||    22
         Ring mail         |       |    59 ||    59
  Dodge: Dodged            |    39 |   106 ||   145

Table legend:
 A = Non-vault XP
 B = Vault XP
 C = Vault XP percentage of total XP
 D = Non-vault monster count
 E = Vault monster count
 F = Vault count percentage of total count
                 A         B        C        D         E       F
            +---------+---------+-------+---------+---------+-------
      Total |     571 |      31 |   5.1 |      93 |       8 |   7.9
            +---------+---------+-------+---------+---------+-------
        D:1 |      48 |       0 |   0.0 |      26 |       0 |   0.0
        D:2 |      61 |       0 |   0.0 |      27 |       0 |   0.0
        D:3 |      42 |       1 |   2.3 |      13 |       1 |   7.1
        D:4 |     172 |      30 |  14.9 |      15 |       7 |  31.8
        D:5 |     248 |       0 |   0.0 |      12 |       0 |   0.0
            +---------+---------+-------+---------+---------+-------
